 Dungeon Crawl Stone Soup version 0.18.1-50-g88ac8fd (webtiles) character file.

2723 ololoev the Thaumaturge (level 9, 44/45 HPs)
             Began as a Deep Elf Earth Elementalist on Nov 30, 2016.
             Quit the game in the Ecumenical Temple.
             The game lasted 00:20:28 (2173 turns).

ololoev the Thaumaturge (DEEE)                      Turns: 2173, Time: 00:20:29

Health: 44/45      AC:  3    Str:  5    XL:     9   Next: 40%
Magic:  25/25      EV: 14    Int: 24    God:
Gold:   91         SH:  4    Dex: 15    Spells: 7 memorised, 12 levels left

rFire  . . .     SeeInvis .     a - +2 dagger (venom)
rCold  . . .     Gourm    .     E - +1 robe
rNeg   . . .     Faith    .     y - +0 buckler (curse)
rPois  .         Spirit   .     (no helmet)
rElec  .         Dismiss  .     (no cloak)
rCorr  .         Reflect  .     (no gloves)
SustAt +         Harm     .     (no boots)
MR     .....                    (no amulet)
Stlth  ++........               (no ring)
                                v - ring of sustain attributes

@: not resistant to hostile enchantments, unstealthy
A: no striking features
a: no special abilities

Inventory:

Hand Weapons
 a - a +2 dagger of venom (weapon)
Missiles
 b - 2 throwing nets (quivered)
Armour
 y - a cursed +0 buckler (worn)
 E - a +1 robe (worn)
Jewellery
 v - a ring of sustain attributes (left hand)
Wands
 w - a wand of confusion (7/48)
Scrolls
 g - a scroll of blinking
 i - 2 scrolls of enchant armour
 o - 3 scrolls of random uselessness {unknown}
 q - a scroll of torment
 A - a scroll of recharging
 B - a scroll of silence {unknown}
Potions
 e - a potion of degeneration {unknown}
 f - 2 potions of cure mutation {unknown}
 h - 7 potions of curing
 j - a potion of berserk rage {unknown}
 n - 2 potions of haste {unknown}
 p - 2 potions of flight {unknown}
 s - a potion of heal wounds
 t - a potion of brilliance
 u - a potion of agility
 x - a potion of might {unknown}
 z - 2 potions of resistance {unknown}
Books
 c - a book of Geomancy

   Spells                             Type                      Level
   a - Sandblast                      Earth                        1
   b - Passwall                       Transmutation/Earth          2
   c - Stone Arrow                    Conjuration/Earth            3
   d - Petrify                        Transmutation/Earth          4
   e - Lee's Rapid Deconstruction     Earth                        5
Comestibles
 d - 4 bread rations
 k - a meat ration
 l - 4 fruits
 C - 7 beef jerkies
 D - 5 chunks of flesh


   Skills:
 + Level 4.3 Dodging
 - Level 2.4 Stealth
 + Level 2.4 Shields
 * Level 10.7 Spellcasting
 * Level 7.7 Conjurations
 - Level 1.1 Transmutations
 + Level 7.0 Earth Magic


You had 12 spell levels left. You knew the following spells: Your Spells Type Power Failure Level Hunger a - Sandblast Erth #####. 1% 1 None b - Stone Arrow Conj/Erth #####. 1% 3 None c - Lee's Rapid Deconstr Erth #####..... 12% 5 ####... d - Petrify Trmt/Erth ####.... 12% 4 None e - Apportation Tloc ##........ 8% 1 None f - Animate Skeleton Necr N/A 8% 1 None w - Passwall Trmt/Erth ####...... 1% 2 None You were in the Ecumenical Temple. You were not hungry. You visited 2 branches of the dungeon, and saw 10 of its levels. You also visited: Bailey. You collected 247 gold pieces. You spent 156 gold pieces at shops. ♣♣ P♣♣♣♣♣♣. .PPP.... ......################# ...P..8.#.............# ........#._._._._._._.# ♣.....8.#.............# ........'._._._.@._._.# ......8.#.............# .P......#._._._._._._.# ......8.#.............# ..P...################# .♣...... ..P...... ........♣. ♣........

Notes
Turn   | Place    | Note
--------------------------------------------------------------
     0 | D:1      | ololoev the Deep Elf Earth Elementalist began the quest for the Orb.
     0 | D:1      | Reached XP level 1. HP: 10/10 MP: 6/6
   100 | D:3      | Reached XP level 2. HP: 15/15 MP: 3/8
   107 | D:3      | Reached skill level 4 in Spellcasting
   178 | D:3      | Reached XP level 3. HP: 19/19 MP: 0/10
   183 | D:3      | Learned a level 3 spell: Stone Arrow
   239 | D:5      | Entered Level 5 of the Dungeon
   252 | D:5      | Reached XP level 4. HP: 24/24 MP: 2/12
   287 | D:5      | Reached skill level 5 in Spellcasting
   287 | D:5      | Reached skill level 1 in Conjurations
   304 | D:5      | Noticed an ogre
   305 | D:5      | Noticed a centaur
   400 | D:4      | Reached XP level 5. HP: 27/28 MP: 11/15
   404 | D:4      | Noticed an ogre
   409 | D:4      | Killed an ogre
   409 | D:4      | Reached skill level 6 in Spellcasting
   427 | D:5      | Killed a centaur
   427 | D:5      | Reached XP level 6. HP: 25/32 MP: 9/17
   433 | D:5      | Reached skill level 7 in Spellcasting
   433 | D:5      | Reached skill level 5 in Earth Magic
   519 | D:6      | Noticed an orc warrior
   658 | D:4      | Found Zin's Purification Station.
   661 | D:4      | Found a glowing silver altar of Zin.
   714 | D:4      | Reached XP level 7. HP: 21/36 MP: 16/19
   886 | D:5      | Learned a level 5 spell: Lee's Rapid Deconstruction
   889 | D:5      | Learned a level 2 spell: Passwall
   894 | D:5      | Learned a level 4 spell: Petrify
   959 | D:5      | Found Batixzuro's Distillery.
  1032 | D:5      | Bought a potion of heal wounds for 60 gold pieces
  1032 | D:5      | Bought a potion of brilliance for 48 gold pieces
  1032 | D:5      | Bought a potion of agility for 48 gold pieces
  1083 | D:6      | Learned a level 1 spell: Apportation
  1085 | D:6      | Learned a level 1 spell: Animate Skeleton
  1116 | D:6      | Reached skill level 8 in Spellcasting
  1143 | D:6      | Reached skill level 5 in Conjurations
  1173 | D:6      | Reached XP level 8. HP: 21/41 MP: 5/22
  1206 | D:6      | Reached skill level 9 in Spellcasting
  1554 | D:6      | Reached skill level 1 in Shields
  1684 | D:7      | Reached skill level 10 in Spellcasting
  1822 | D:9      | Reached XP level 9. HP: 36/45 MP: 11/25
  1917 | D:9      | Found a flagged portal.
  1927 | Bailey   | Entered a bailey
  2130 | D:7      | Found a staircase to the Ecumenical Temple.
  2135 | Temple   | Entered the Ecumenical Temple
  2173 | Temple   | Quit the game

Dungeon Overview and Level Annotations

Branches:
Dungeon (9/15)             Temple (1/1) D:7             Orc (0/2) D:9
   Lair: D:8-11

Altars:
Ashenzari
Cheibriados
Dithmenos
Elyvilon
Fedhas
Gozag
Kikubaaqudgha
Makhleb
Nemelex Xobeh
Okawaru
Pakellas
Qazlal
Ru
Sif Muna
Trog
Xom
Yredelemnul
Zin
The Shining One

Shops:
D:4 *   D:5 !

Annotations:
D:5 exclusion: downstairs


Message History

You see here a hound corpse.
You butcher the hound corpse.
D - 5 chunks of flesh (gained 1)
Found 13 gold pieces.
You now have 91 gold pieces (gained 13).
Found an elf skeleton.
Found a human skeleton.
You see here an elf skeleton.
Found an orc skeleton.
An ogre comes into view. It is wielding a giant club.
Found a throwing net, 3 bread rations and 6 beef jerkies.
Casting: Stone Arrow
Confirm with . or Enter, or press ? or * to list all spells.
Aiming: Stone Arrow
Press: ? - help, Shift-Dir - straight line, f - ogre
Aim: an ogre, wielding a giant club (resting)
The stone arrow hits the ogre.
The ogre is moderately wounded.
The ogre shouts!
Casting: Stone Arrow
Confirm with . or Enter, or press ? or * to list all spells.
Aiming: Stone Arrow
Press: ? - help, Shift-Dir - straight line, f/p - ogre
Aim: an ogre, wielding a giant club (moderately wounded)
The stone arrow hits the ogre.
You kill the ogre!
Your Earth Magic skill increases to level 7!
b - 2 throwing nets (gained 1)
Things that are here:
a giant club; an ogre corpse
d - 4 bread rations (gained 3)
C - 4 beef jerkies (gained 3)
C - 7 beef jerkies (gained 3)
You see here a human skeleton.
Things that are here:
a giant club; an ogre corpse
Casting: Stone Arrow
Confirm with . or Enter, or press ? or * to list all spells.
You attempt to give life to the dead...
Before your eyes, flesh is ripped from the corpse!
The dead are walking!
D - 9 chunks of flesh (gained 4)
You see here a human skeleton.
Casting: Animate Skeleton
Confirm with . or Enter, or press ? or * to list all spells.
You attempt to give life to the dead...
The dead are walking!
Your ogre skeleton is engulfed in roaring flames.
Your ogre skeleton is engulfed in roaring flames.
Your ogre skeleton is engulfed in roaring flames.
Your ogre skeleton crumbles into dust!
You see here an elf skeleton.
Casting: Animate Skeleton
Confirm with . or Enter, or press ? or * to list all spells.
You miscast Animate Skeleton.
You are very lightly contaminated with residual magic.
You smell decay.
Casting: Animate Skeleton
Confirm with . or Enter, or press ? or * to list all spells.
You attempt to give life to the dead...
The dead are walking!
You swap places.
Your magical contamination has completely faded away.
Magic restored.
Some of the chunks of flesh in your inventory have rotted away.
You open the door.
Found a staircase to the Ecumenical Temple.
There is an open door here.
There is a staircase to the Ecumenical Temple here.
You climb downwards.
Welcome to the Ecumenical Temple!
There is a staircase back to the Dungeon here.
You open the door.
Found nine altars.
There is an open door here.
Found three altars.
There is a stormy altar of Qazlal here.
Found three altars.
There is a sparkling altar of Nemelex Xobeh here.
Found three altars.
There is a white marble altar of Elyvilon here.
There is a burning altar of Makhleb here.
Are you sure you want to abandon this character and quit the game? (Confirm with "yes".)

There were no monsters in sight!

Vanquished Creatures
  4 yaks (D:9)
  An orc warrior (D:6)
  An ice beast (D:6)
  5 centaurs
  7 ogres
  2 giant frogs (D:9)
  A scorpion (D:6)
  3 crimson imps
  5 hounds
  A giant frog skeleton (D:4)
  An orc priest (D:6)
  3 orc wizards (D:7)
  3 iguanas
  9 worker ants
  2 gnolls (Bailey)
  6 adders
  A howler monkey skeleton (D:5)
  An adder zombie (D:7)
  A worm (D:4)
  4 giant geckos
  11 orcs
  2 ball pythons (D:6)
  4 giant cockroaches
  A goblin (D:3)
  3 hobgoblins
  2 kobolds
  A quokka (D:5)
  A giant gecko skeleton (D:6)
  A giant newt (D:3)
87 creatures vanquished.

Action                   |  1- 3 |  4- 6 |  7- 9 || total
-------------------------+-------+-------+-------++-------
Melee: Dagger            |       |       |    14 ||    14
 Cast: Sandblast         |    25 |    32 |    83 ||   140
       Stone Arrow       |       |       |    12 ||    12
       Lee's Rapid Decon |       |       |     6 ||     6
       Petrify           |       |       |     3 ||     3
       Animate Skeleton  |       |       |     5 ||     5
Evoke: Wand              |       |       |     7 ||     7
  Use: Scroll            |       |     4 |     4 ||     8
       Potion            |       |     2 |       ||     2
  Eat: Chunk             |       |       |     5 ||     5
Armor: Robe              |       |     3 |     8 ||    11
Dodge: Dodged            |     4 |     9 |    34 ||    47
Block: Buckler           |       |       |     8 ||     8

Vault maps used:
D:1:      mrwooster_arrival_statue_3, minmay_tree_intersection
D:2:      serial_corexii_hall, corexii_hall_statues_t,
          corexii_hall_statues_deadend
D:3:      first_bread, st_stairs_13, feat_on_display
D:4:      zin_purify, vehumet_crystals, serial_shops, nicolae_shop_crystal
D:5:      serial_shops, shop, kennysheep_generic_room_4
D:7:      temple_doors_e, grunt_ogre_cave, uniq_crazy_yiuf_cottage
D:9:      orc_david_3, enter_bailey_8, fountainhead
Temple:   kilobyte_greek_temple_18
Bailey:   bailey_polearm_gnolls_kennysheep, bailey
